 Dungeon Crawl Stone Soup version 0.29-a0-359-g541a27f54d (console) character file.

Game seed: 17977536142569995133

1227 Melian the Fighter (level 8, -10/78 HPs)
             Began as a Minotaur Berserker on Apr 27, 2022.
             Was an Elder of Trog.
             Killed from afar by an orc wizard (16 damage)
             ... with an iceblast
             ... on level 6 of the Dungeon.
             The game lasted 00:11:46 (4347 turns).

Melian the Fighter (Minotaur Berserker)             Turns: 4347, Time: 00:11:47

Health: -10/78     AC:  8    Str: 24 (25) XL:     8   Next: 23%
Magic:  7/7        EV: 11    Int:  4      God:    Trog [****..]
Gold:   228        SH:  0    Dex:  9      Spells: 7/7 levels left

rFire   . . .      SeeInvis .   p - +0 war axe
rCold   . . .      Faith    .   (no shield)
rNeg    . . .      Spirit   .   e - +0 ring mail
rPois   .          Reflect  .   (helmet restricted)
rElec   .          Harm     .   (no cloak)
rCorr   .          Rampage  .   (no gloves)
Will    ++...                   u - +2 pair of boots
Stlth   ..........              (no amulet)
HPRegen 1.23/turn               L - ring of flight
MPRegen 0.10/turn               (no ring)

@: lethally poisoned (-10 -> -10), strong-willed, on berserk cooldown, flying,
regenerating, slowed, very slow
A: horns 2, retaliatory headbutt
a: Renounce Religion, Berserk, Trog's Hand, Brothers in Arms


You were on level 6 of the Dungeon.
You worshipped Trog.
Trog was greatly pleased with you.
You visited 1 branch of the dungeon, and saw 6 of its levels.

You collected 228 gold pieces.


Innate Abilities, Weirdness & Mutations

You have a pair of horns on your head.
You reflexively headbutt those who attack you in melee.


   Skills:
 + Level 9.0 Fighting
 + Level 8.9 Axes
 - Level 3.0 Armour
 - Level 3.0 Dodging


You had 7 spell levels left.
You didn't know any spells.
Your spell library was empty.

Inventory:

Hand Weapons
 a - a +0 hand axe
 p - a +0 war axe (weapon)
 w - a +1 falchion of holy wrath
Armour
 e - a +0 ring mail (worn)
 u - a +2 pair of boots (worn)
Jewellery
 L - a ring of flight (left hand)
 Z - a ring of wizardry
Wands
 t - a wand of mindburst (16)
Scrolls
 b - 3 scrolls of teleportation {unknown}
 c - 2 scrolls of noise {unknown}
 d - 6 scrolls of identify {unknown}
 g - a scroll of holy word {unknown}
 i - a scroll of fog {unknown}
 j - a scroll of blinking {unknown}
 n - 3 scrolls of fear
 o - a scroll of magic mapping {unknown}
 r - a scroll of torment {unknown}
 v - a scroll of enchant weapon {unknown}
Potions
 h - 2 potions of attraction {unknown}
 k - a potion of magic {unknown}
 l - a potion of flight {unknown}
 m - a potion of curing {@q1}
 q - a potion of degeneration
 s - a potion of mutation {unknown}

Dungeon Overview and Level Annotations

Branches:
Dungeon (6/15)
 Temple: D:4-7

Altars:
Gozag
Yredelemnul
The Shining One

Shops:
D:2 [   D:5 =

Annotations:
D:5 Ijyb, Sigmund

.... #. .... .#
#. .##. .....
.#....#.. ...
... .... ...
#.##..# .##
#.##.#..<##
....#...).....#
........))#
(...##.)).# .
#...@##
.......{)......
....#.....#...<
.....###.....
.. .... .......
.... .....#...
....##..#
#..... .#


There were no monsters in sight!


Message History

Okay, then.
Your skin crawls.
You feel strong-willed.
You feel sick.
You are no longer poisoned.
Something hits you but does no damage.
You are poisoned.
You closely miss something.
You feel very sick.
You hear some strange, mumbled words.
A magic dart appears from out of thin air!
The magic dart hits you.
* * * LOW HITPOINT WARNING * * *
Something completely misses you.
You hit something but do no damage.
You feel sick. Something hits you but does no damage.
You are lethally poisoned!
It was a potion of curing.
You feel better.
You hear some strange, mumbled words.
A puff of flame appears from out of thin air!
The puff of flame hits you.
* * * LOW HITPOINT WARNING * * *
Something hits you.
* * * LOW HITPOINT WARNING * * *
You are poisoned.
You slash something!
You feel very sick.
You hear a zap.
An iceblast appears from out of thin air!
The mass of ice explodes!
The iceblast engulfs you!
You die...

Skill      XL: |  1  2  3  4  5  6  7  8 |
---------------+-------------------------+-----
Fighting       | 4 5 6 8 9 |  9.0
Axes           | 4 5 6 8 |  8.9
Armour         | 3 |  3.0
Dodging        | 3 |  3.0

Action                   |  1- 3 |  4- 6 |  7- 9 || total
-------------------------+-------+-------+-------++-------
Melee: Hand axe          |   111 |    20 |       ||   131
       Headbutt          |    15 |    21 |     5 ||    41
       War axe           |       |   124 |    37 ||   161
       Punch             |       |     2 |       ||     2
Invok: Brothers in Arms  |       |     1 |       ||     1
       Berserk           |       |       |     1 ||     1
       Trog's Hand       |       |       |     1 ||     1
Evoke: Wand              |       |       |     2 ||     2
  Use: Potion            |       |     2 |     2 ||     4
       Scroll            |       |       |     1 ||     1
Armor: Ring mail         |    42 |    60 |    13 ||   115
Dodge: Dodged            |    84 |    95 |    27 ||   206

Levels and vault maps discovered:
D:1:      lemuel_arrival_behind_the_door_small, layout_loops_ring,
          dk_noncrumbling_3, nicolae_figureground_sparkle
D:2:      layout_basic, serial_shops, shop, ebering_ecumenical_altar_rust,
          small_statue_intersection, corexii_item_surrounded_by_moat,
          grunt_ministairs_11
D:3:      minmay_octagon_keep, layout_loops_ring, marbit_many_paths,
          kennysheep_generic_room_12
D:4:      layout_loops_ring, grunt_temple_overflow_holy_war
D:5:      layout_cave_pods, nemelex_xobeh_ov_fountains_minmay,
          minmay_temple_entry_proselytizer, nicolae_stop_n_shop_2, uniq_ijyb,
          uniq_sigmund, uniq_pikel
D:6:      layout_cave_pools, bloody_trog, okawaru_trees_1, uniq_eustachio

Notes
Turn   | Place    | Note
-------+----------+-------------------------------------------
     0 | D:1      | Melian the Minotaur Berserker began the quest for the Orb.
     0 | D:1      | Reached XP level 1. HP: 19/19 MP: 0/0
   445 | D:1      | Reached XP level 2. HP: 27/27 MP: 1/1
   557 | D:1      | Reached skill level 4 in Fighting
   557 | D:1      | Reached skill level 4 in Axes
   594 | D:1      | Reached skill level 3 in Armour
   725 | D:1      | Reached XP level 3. HP: 30/33 MP: 2/2
   812 | D:1      | Reached ** piety under Trog
   958 | D:2      | Found Luep's Armour Shop.
  1149 | D:2      | Reached skill level 3 in Dodging
  1214 | D:2      | Found a faded altar of an unknown god.
  1470 | D:2      | Reached XP level 4. HP: 23/41 MP: 3/3
  2025 | D:3      | Reached *** piety under Trog
  2124 | D:3      | Reached skill level 5 in Fighting
  2227 | D:3      | Reached skill level 5 in Axes
  2317 | D:3      | Reached XP level 5. HP: 40/48 MP: 4/4
  2773 | D:3      | Found an opulent altar of Gozag.
  3001 | D:4      | Noticed a phantom
  3011 | D:4      | Killed a phantom
  3088 | D:4      | Reached skill level 6 in Fighting
  3088 | D:4      | Reached skill level 6 in Axes
  3088 | D:4      | Reached XP level 6. HP: 53/57 MP: 5/5
  3432 | D:4      | Reached **** piety under Trog
  3713 | D:4      | Found a basalt altar of Yredelemnul.
  3718 | D:4      | Noticed a profane servitor
  3733 | D:4      | Found a glowing golden altar of the Shining One.
  3735 | D:4      | Noticed an angel
  3868 | D:5      | Entered Level 5 of the Dungeon
  3868 | D:5      | Found Yzenev's Jewellery Boutique.
  3909 | D:5      | Noticed Pikel
  4007 | D:5      | Killed Pikel
  4008 | D:5      | Reached skill level 8 in Fighting
  4008 | D:5      | Reached skill level 8 in Axes
  4008 | D:5      | Reached XP level 7. HP: 56/68 MP: 6/6
  4100 | D:5      | Reached XP level 8. HP: 52/75 MP: 7/7
  4295 | D:5      | Noticed Sigmund
  4298 | D:5      | Noticed Ijyb
  4332 | D:6      | Reached skill level 9 in Fighting
  4342 | D:6      | HP: 6/78 [something/magic dart (6)]
  4345 | D:6      | HP: 2/78 [poisoned by an orc wizard]
  4347 | D:6      | Killed from afar by an orc wizard

Vanquished Creatures
  An ogre (D:5)
  A phantom (D:4)
  2 lemures (D:5)
  5 hounds
  2 jellies
  An orc priest (D:6)
  A gnoll shaman (D:6)
  2 iguanas
  8 gnolls
  6 adders
  A white imp (D:5)
  An ufetubus (D:4)
  A worm (D:3)
  4 dart slugs
  15 orcs
  6 bats
  5 endoplasms
  4 giant cockroaches
  12 hobgoblins
  11 jackals
  9 kobolds
  4 quokkas
  8 ball pythons
  4 frilled lizards
  10 goblins
  6 rats
130 creatures vanquished.

Vanquished Creatures (collateral kills)
  Pikel (D:5)
  An orc (D:5)
2 creatures vanquished.

Grand Total: 132 creatures vanquished

Table legend: (Time is in decaauts)
 A = Elapsed time spent in this place.
 B = Non-inter-level travel time spent in this place.
 C = Inter-level travel time spent in this place.
 D = Time resting spent in this place.
 E = Time spent auto-exploring this place.
 F = Levels seen in this place.
 G = Mean time per level.
                   A        B        C        D        E       F      G
               +--------+--------+--------+--------+--------+-----+--------+
         Total |   4392 |   4230 |    162 |      0 |   3204 |   6 |  732.0 |
       Dungeon |   4392 |   4230 |    162 |      0 |   3204 |   6 |  732.0 |
               +--------+--------+--------+--------+--------+-----+--------+

Top non-repeatable levels by time:
     D:3: 1231 daAuts
     D:4: 1044 daAuts
     D:1: 891 daAuts
     D:2: 777 daAuts
     D:5: 407 daAuts
     D:6: 39 daAuts

Table legend:
 A = Non-vault XP
 B = Vault XP
 C = Vault XP percentage of total XP
 D = Non-vault monster count
 E = Vault monster count
 F = Vault count percentage of total count
                 A         B        C        D         E       F
            +---------+---------+-------+---------+---------+-------
      Total |    1032 |     721 |  41.1 |     113 |      17 |  13.1
            +---------+---------+-------+---------+---------+-------
        D:1 |      47 |       0 |   0.0 |      25 |       0 |   0.0
        D:2 |      49 |       3 |   5.8 |      22 |       2 |   8.3
        D:3 |     117 |      45 |  27.8 |      27 |      14 |  34.1
        D:4 |     302 |       0 |   0.0 |      12 |       0 |   0.0
        D:5 |     327 |     673 |  67.3 |      17 |       1 |   5.6
        D:6 |     190 |       0 |   0.0 |      10 |       0 |   0.0
            +---------+---------+-------+---------+---------+-------
